 Dungeon Crawl Stone Soup version 0.29-a0-197-ge3fb4bd5a4 (webtiles) character file.

Game seed: 16333886193572010661

105 esteth the Shooter (level 4, -5/36 HPs)
             Began as a Demigod Hunter on Feb 22, 2022.
             Killed from afar by Grinder (9 damage)
             ... with a puff of flame
             ... on level 3 of the Dungeon.
             The game lasted 00:02:13 (1671 turns).

esteth the Shooter (Demigod Hunter)                 Turns: 1671, Time: 00:02:13

Health: -5/36      AC:  3    Str: 13    XL:     4   Next: 29%
Magic:  6/6        EV: 13    Int: 13    God:
Gold:   170        SH:  0    Dex: 18    Spells: 3/3 levels left

rFire   . . .      SeeInvis .   a - +1 shortbow
rCold   . . .      Faith    .   (shield currently unavailable)
rNeg    . . .      Spirit   .   b - +0 leather armour
rPois   .          Reflect  .   (no helmet)
rElec   .          Harm     .   (no cloak)
rCorr   .          Rampage  .   (no gloves)
Will    .....                   (no boots)
Stlth   ++........              (no amulet)
HPRegen 0.12/turn               (no ring)
MPRegen 0.10/turn               (no ring)

@: no status effects
A: high MP 1, forlorn, divine attributes
a: no special abilities


You were on level 3 of the Dungeon.
You visited 1 branch of the dungeon, and saw 3 of its levels.

You collected 170 gold pieces.


Innate Abilities, Weirdness & Mutations

You have an increased reservoir of magic. (+10% MP)
You shall have no god before yourself.
Your divine heritage dramatically boosts your attributes as you level up.


   Skills:
 - Level 1.7 Fighting
 + Level 4.6 Bows
 + Level 3.3 Dodging
 - Level 0.8 Stealth


You had 3 spell levels left.
You didn't know any spells.
Your spell library contained the following spells:

 Spells                   Type           Power      Damage    Failure   Level
 Summon Small Mammal      Summ           0%         N/A       36%         1
 Call Canine Familiar     Summ           0%         N/A       75%         3
 Summon Guardian Golem    Hex/Summ       0%         N/A       75%         3

Inventory:

Hand Weapons
 a - a +1 shortbow (weapon)
Missiles
 f - 114 stones (quivered)
 g - 5 boomerangs
Armour
 b - a +0 leather armour (worn)
 i - a +0 robe
   (You found it on level 1 of the Dungeon)
 m - a +0 leather armour
   (You found it on level 1 of the Dungeon)
Scrolls
 c - 4 scrolls of identify {unknown}
 n - a scroll of fog {unknown}
 p - a scroll of blinking {unknown}
 q - a scroll of teleportation {unknown}
Potions
 d - a potion of invisibility {unknown}
 e - a potion of heal wounds {unknown}
 h - 2 potions of curing {unknown}
 j - 2 potions of brilliance {unknown}
 k - a potion of lignification {unknown}
 l - a potion of might {unknown}
 o - a potion of degeneration {unknown}
 r - a potion of resistance {unknown}

Dungeon Overview and Level Annotations

Branches:
Dungeon (3/15)

Annotations:
D:3 Grinder

.. #........
#.#.#..#.#.....#
.......#.#.#...# .
#.#.#..........###.##.
.......#.#.#...... . .
#.#.#..#.#...... .#.#
.....((#....#.####.....
#.#.#J5#......†..#....#
.......@....#.#........
..#######...............
...........#.#.###..#..
#####............#..#.#
#######......#..#.#
######.#..#.# #.#..#.#
#.#..#.# #.......


You could see Grinder and an endoplasm.


Message History

(D) Dungeon
Where to? (Enter - D:2, ? - help)
What level of the Dungeon? (default 1, ? - help)
There is an open door here.
You see here a +0 dagger.
You see here a +0 dagger.
There is a stone staircase leading down here.
You climb downwards.
There is a stone staircase leading up here.
A hobgoblin comes into view.
You shoot an arrow. The arrow hits the hobgoblin.
You shoot an arrow. The arrow hits the hobgoblin!
You kill the hobgoblin!
No target in view!
No target in view!
A rat and an adder come into view.
The rat moves out of view.
You shoot an arrow. The arrow hits the adder!
The adder hisses angrily.
You shoot an arrow. The arrow barely misses the adder.
You shoot an arrow. The arrow closely misses the rat.
The rat bites you but does no damage.
You shoot an arrow. The arrow hits the rat!
You kill the rat!
The adder bites you but does no damage.
You shoot an arrow. The arrow misses the adder.
The adder misses you.
You shoot an arrow. The arrow hits the adder!
You kill the adder!
Things that are here:
an adder corpse; a rat corpse No target in view!
j - 2 fuming silvery potions (gained 1)
f - 120 stones (gained 15) Grinder comes into view.
She is carrying a wand of flame (16).
Grinder shouts!
You shoot an arrow. The arrow hits Grinder!
You shoot an arrow. The arrow hits Grinder!
An endoplasm comes into view.
You shoot an arrow. The arrow hits Grinder.
Grinder zaps a wand.
The puff of flame hits you. 😕 HP[-6]
You take 6 damage, and now have 30/36 hp.
You shoot an arrow. The arrow hits Grinder!
Grinder zaps a wand.
The puff of flame hits you. 😮 HP[-6]
You take 6 damage, and now have 24/36 hp.
You are too injured to fight recklessly!
Unknown command.
You are too injured to fight recklessly!
Throw: 120 stones
Press: ? - help, Q - select action, (/) - cycle Shift-Dir - straight line, f/p - Grinder
Aim: Grinder, carrying a wand of flame (14) (almost dead, 57% to hit)
You throw a stone.
The stone hits Grinder but does no damage.
Grinder zaps a wand.
The puff of flame hits you!
* * * LOW HITPOINT WARNING * * *
Grinder zaps a wand.
The puff of flame misses you. 😨 HP[-10]
You take 10 damage, and now have 14/36 hp.
MASSIVE DAMAGE!! (PAUSE) Throw: 119 stones
Press: ? - help, Q - select action, (/) - cycle Shift-Dir - straight line, f/p - Grinder
Aim: Grinder, carrying a wand of flame (12) (almost dead, 57% to hit)
You throw a stone.
The stone hits Grinder but does no damage.
Grinder gestures at you. Pain shoots through your body!
* * * LOW HITPOINT WARNING * * *
😱 HP[-10]
You take 10 damage, and now have 4/36 hp.
MASSIVE DAMAGE!! (PAUSE) Throw: 118 stones
Press: ? - help, Q - select action, (/) - cycle Shift-Dir - straight line, f/p - Grinder
Aim: Grinder, carrying a wand of flame (12) (almost dead, 57% to hit)
You throw a stone.
The stone hits Grinder but does no damage.
Grinder says, "Don't move a muscle."
Throw: 117 stones
Press: ? - help, Q - select action, (/) - cycle Shift-Dir - straight line, f/p - Grinder
Aim: Grinder, carrying a wand of flame (12) (almost dead, 57% to hit)
You throw a stone. The stone hits Grinder.
Grinder closely misses you.
Throw: 116 stones
Press: ? - help, Q - select action, (/) - cycle Shift-Dir - straight line, f/p - Grinder
Aim: Grinder, carrying a wand of flame (12) (almost dead, 57% to hit)
You throw a stone. The stone closely misses Grinder.
Grinder gestures at you.
You barely resist.
Throw: 115 stones
Press: ? - help, Q - select action, (/) - cycle Shift-Dir - straight line, f/p - Grinder
Aim: Grinder, carrying a wand of flame (12) (almost dead, 57% to hit)
You throw a stone.
The stone hits Grinder but does no damage.
Grinder zaps a wand.
The puff of flame hits you!
You die...

Skill      XL: |  1  2  3 |
---------------+----------+-----
Dodging        | 2 3 |  3.3
Bows           | 4 |  4.6
Fighting       | |  1.7
Stealth        | |  0.8

Action                   |  1- 3 |  4- 6 || total
-------------------------+-------+-------++-------
 Fire: Shortbow          |    95 |    31 ||   126
Throw: Stone             |       |     6 ||     6
Armor: Leather armour    |    10 |     2 ||    12
Dodge: Dodged            |    20 |     7 ||    27

Levels and vault maps discovered:
D:1:      ldierk_walled_garden_2, layout_loops_ring,
          shapermc_ecumenical_altar_starsandcircs, supply_closet_lemuel
D:2:      layout_loops_ring, minmay_3d_cube
D:3:      layout_basic, serial_glass, glass_columns_a, glass_columns_a,
          glass_columns_c, glass_columns_b, glass_columns_a, glass_columns_a,
          glass_columns_b, glass_columns_b, glass_columns_c, glass_columns_a,
          glass_columns_a, glass_columns_a, glass_columns_a, glass_columns_a,
          chequers_serial_rivers_micro_c, uniq_grinder, uniq_ijyb

Notes
Turn   | Place    | Note
-------+----------+-------------------------------------------
     0 | D:1      | esteth the Demigod Hunter began the quest for the Orb.
     0 | D:1      | Reached XP level 1. HP: 17/17 MP: 3/3
     0 | D:1      | magus.rc [v1.11.3]
   126 | D:1      | Reached skill level 2 in Dodging
   183 | D:1      | You pick up a book of Callings and begin reading...
   183 | D:1      | You add the spells Summon Small Mammal, Call Canine
                  | Familiar and Summon Guardian Golem to your library.
   285 | D:1      | Reached XP level 2. HP: 24/24 MP: 4/4
   531 | D:1      | Reached skill level 4 in Bows
   899 | D:2      | Reached XP level 3. HP: 29/29 MP: 5/5
  1128 | D:2      | Reached skill level 3 in Dodging
  1259 | D:2      | Reached XP level 4. HP: 32/36 MP: 6/6
  1661 | D:3      | Noticed Grinder
  1667 | D:3      | HP: 4/36 [Grinder/nerve-wracking pain (10)]
  1671 | D:3      | Killed from afar by Grinder

Vanquished Creatures
  A gnoll (D:2)
  4 adders
  3 worms (D:2)
  A dart slug (D:2)
  5 ball pythons
  4 bats
  4 endoplasms
  2 giant cockroaches
  4 goblins
  4 hobgoblins
  4 jackals (D:2)
  5 kobolds
  A frilled lizard (D:1)
  5 rats
47 creatures vanquished.

Vanquished Creatures (others)
  4 toadstools (D:1)
4 creatures vanquished.

Grand Total: 51 creatures vanquished

Table legend:
 A = Non-vault XP
 B = Vault XP
 C = Vault XP percentage of total XP
 D = Non-vault monster count
 E = Vault monster count
 F = Vault count percentage of total count
                 A         B        C        D         E       F
            +---------+---------+-------+---------+---------+-------
      Total |     147 |       3 |   2.0 |      45 |       2 |   4.3
            +---------+---------+-------+---------+---------+-------
        D:1 |      27 |       0 |   0.0 |      17 |       0 |   0.0
        D:2 |     104 |       3 |   2.8 |      25 |       2 |   7.4
        D:3 |      16 |       0 |   0.0 |       3 |       0 |   0.0
            +---------+---------+-------+---------+---------+-------

Illustrated notes

Table legend:
 A = Kills in this place as a percentage of kills in entire the game.
 B = Kills by you in this place as a percentage of kills by you in the entire game.
 C = Kills by friends in this place as a percentage of kills by friends in the entire game.
 D = Other kills in this place as a percentage of other kills in the entire game.
 E = Experience gained in this place as a percentage of experience gained in the entire game.
 F = Experience gained in this place divided by the number of levels of this place that you have seen.
                   A       B       C       D       E      F
               +-------+-------+-------+-------+-------+----------------------
         Total | 100.0 | 100.0 |   N/A |   N/A | 100.0 |  50.0
       Dungeon | 100.0 | 100.0 |   N/A |   N/A | 100.0 |  50.0
               +-------+-------+-------+-------+-------+----------------------

Table legend: (Time is in decaauts)
 A = Elapsed time spent in this place.
 B = Non-inter-level travel time spent in this place.
 C = Inter-level travel time spent in this place.
 D = Time resting spent in this place.
 E = Time spent auto-exploring this place.
 F = Levels seen in this place.
 G = Mean time per level.
                   A        B        C        D        E       F      G
               +--------+--------+--------+--------+--------+-----+--------+
         Total |   1714 |   1631 |     83 |      0 |   1388 |   3 |  571.3 |
       Dungeon |   1714 |   1631 |     83 |      0 |   1388 |   3 |  571.3 |
               +--------+--------+--------+--------+--------+-----+--------+

Top non-repeatable levels by time:
     D:2: 851 daAuts
     D:1: 810 daAuts
     D:3: 52 daAuts
